Map: Heavy Artillery LE

Players

Marbod

  • Race: Protoss Protoss

Nimrod

  • Race: Terran Terran

Massa - Winner!

  • Race: Terran Terran
  • League: Platinum

qqq - Winner!

  • Race: Zerg Zerg

VOD

Have the link to the VOD?

Description

Time

  • Played on: April 8, 2021, 11:52 a.m.
  • Length: 28:03
Show
View Real Time Build Order
Export as new Build Order

Marbod Protoss 

Build Orders: 1 Gate Expand 

Get SALT Encoding   

  12  0:00  Probe (Chrono Boost)  
  13  0:11  Probe (Chrono Boost)  
  14  0:19  Probe  
  15  0:24  Pylon  
  15  0:42  Probe, Gateway  
  16  0:54  Probe  
  17  0:59  Assimilator  
  17  1:17  Probe  
  18  1:23  Nexus  
  18  1:30  Zealot  
  20  1:39  Probe (Chrono Boost)  
  21  1:49  Probe (Chrono Boost)  
  21  1:54  Probe (Chrono Boost)  
  22  1:55  Cybernetics Core  
  23  2:09  Pylon  
  23  2:27  Probe  
  24  2:34  Assimilator  
  24  2:37  Stalker  
  24  2:43  Probe x2 (Chrono Boost)  
  28  2:48  Warp Gate  
  28  2:53  Probe (Chrono Boost)  
  28  2:55  Probe (Chrono Boost)  
  28  2:56  Robotics Facility  
  28  2:58  Probe (Chrono Boost)  
  30  3:04  Probe  
  32  3:09  Probe  
  33  3:16  Probe  
  34  3:21  Probe  
  34  3:24  Pylon  
  34  3:27  Stalker  
  37  3:28  Probe  
  37  3:32  Gateway  
  38  3:35  Assimilator  
  38  3:36  Probe  
  38  3:40  Probe, Assimilator  
  40  3:45  Observer (Chrono Boost)  
  41  3:49  Forge  
  41  3:57  Sentry  
  43  4:06  Probe x2  
  43  4:09  Observer  
  46  4:12  Nexus  
  46  4:15  Gateway  
  46  4:23  Pylon  
  46  4:31  Protoss Ground Weapons Level 1  
  46  4:47  Stalker  
  46  4:48  Stalker  
  50  5:23  Probe x2  
  52  5:28  Pylon  
  52  5:30  Pylon  
  52  5:32  Assimilator  
  52  5:35  Probe, Assimilator  
  53  5:37  Stalker x2  
  57  5:43  Robotics Bay  
  57  5:44  Robotics Facility  
  57  5:50  Photon Cannon  
  57  5:52  Photon Cannon  
  57  6:01  Photon Cannon  
  57  6:03  Gateway  
  57  6:05  Pylon  
  57  6:07  Observer (Chrono Boost)  
  57  6:08  Photon Cannon  
  46  6:45  Colossus (Chrono Boost)  
  46  6:46  Stalker x3  
  58  6:59  Probe x2  
  60  7:04  Nexus  
  60  7:07  Pylon  
  60  7:11  Probe  
  61  7:28  Probe x2  
  63  7:40  Probe x2  
  65  7:44  Photon Cannon  
  65  7:46  Cybernetics Core  
  65  7:47  Gateway  
  65  7:48  Photon Cannon  
  65  7:55  Stalker x2  
  65  7:56  Stalker  
  71  8:24  Colossus  
  71  8:26  Twilight Council  
  77  8:53  Probe x3  
  80  8:58  Pylon  
  80  9:00  Stalker x3  
  80  9:01  Stalker  
  80  9:02  Pylon  
  88  9:08  Immortal  
  92  9:15  Probe x3  
  95  9:25  Gateway  
  95  9:29  Protoss Ground Armor Level 1 (Chrono Boost)  
  95  9:34  Probe (Chrono Boost)  
  95  9:35  Extended Thermal Lance (Chrono Boost)  
  96  9:43  Probe (Chrono Boost)  
  98  9:47  Probe (Chrono Boost)  
  98  9:48  Probe (Chrono Boost)  
  99  9:58  Immortal  
  103  10:03  Sentry x2  
  107  10:08  Charge (Chrono Boost)  
  107  10:09  Stalker  
  109  10:18  Photon Cannon  
  109  10:24  Zealot x2  
  109  10:27  Probe (Chrono Boost)  
  114  10:31  Probe (Chrono Boost)  
  115  10:38  Probe (Chrono Boost)  
  115  10:40  Probe (Chrono Boost)  
  117  10:59  Probe  
  116  11:06  Pylon  
  116  11:09  Pylon x2  
  116  11:10  Pylon  
  116  11:11  Observer, Photon Cannon  
  116  11:17  Forge  
  116  11:21  Photon Cannon  
  116  11:24  Protoss Shields Level 1 (Chrono Boost), Cybernetics Core  
  116  11:25  Probe  
  117  11:37  Probe  
  118  11:43  Zealot x3  
  118  11:44  Zealot  
  126  11:48  Nexus  
  126  11:49  Probe  
  126  11:51  Pylon  
  127  11:59  Assimilator  
  127  12:00  Protoss Ground Weapons Level 2 (Chrono Boost)  
  127  12:01  Probe, Assimilator  
  128  12:04  Pylon  
  128  12:10  Zealot x4  
  136  12:17  Phoenix  
  136  12:18  Phoenix  
  136  12:19  Templar Archives  
  136  12:25  Probe  
  136  12:26  Probe x2  
  139  12:45  Psionic Storm  
  139  12:46  Photon Cannon  
  139  12:48  Photon Cannon  
  139  12:49  Zealot x5  
  139  12:50  Zealot  
  151  13:08  Gateway  
  151  13:11  Photon Cannon  
  151  13:13  Gateway, Protoss Ground Armor Level 2 (Chrono Boost)  
  151  13:16  Probe x4  
  155  13:20  High Templar  
  155  13:21  High Templar x5  
  167  13:31  Archon x3  
  167  13:44  Gateway  
  167  13:46  Gateway  
  167  13:48  Gateway  
  167  13:51  Pylon  
  165  14:14  Zealot x8  
  175  14:44  Protoss Ground Weapons Level 3 (Chrono Boost)  
  137  14:49  Stalker x5  
  137  14:50  Blink (Chrono Boost), Stalker x6  
  159  15:02  Probe x3  
  162  15:22  Stargate  
  162  15:24  Probe, Stargate  
  162  15:25  Probe x3, Stargate  
  166  15:29  Pylon  
  166  15:36  Pylon  
  166  15:51  High Templar x5  
  166  15:52  High Templar x6  
  188  16:00  Archon, Protoss Air Weapons Level 1  
  188  16:01  Archon x4, Protoss Air Armor Level 1  
  188  16:06  Probe x4  
  192  16:21  Protoss Ground Armor Level 3  
  192  16:41  Nexus  
  192  16:44  Assimilator  
  192  16:48  Assimilator  
  192  16:53  Pylon  
  192  16:56  Pylon  
  192  17:00  Pylon  
  192  17:02  Pylon  
  160  17:14  Void Ray (Chrono Boost)  
  135  17:22  Void Ray x2 (Chrono Boost)  
  123  17:26  Colossus x2  
  123  17:28  Zealot x2  
  123  17:29  Zealot x5  
  133  17:30  Zealot x3  
  139  17:39  Photon Cannon  
  139  17:41  Photon Cannon  
  139  17:44  Photon Cannon, Void Ray (Chrono Boost)  
  139  17:46  Photon Cannon  
  139  17:49  Photon Cannon  
  143  17:52  Void Ray x2  
  143  17:54  Photon Cannon  
  147  17:58  Photon Cannon, Fleet Beacon  
  147  18:01  Probe  
  147  18:02  Probe x2  
  147  18:03  Photon Cannon  
  154  18:06  Photon Cannon, Zealot x2  
  154  18:08  High Templar  
  154  18:09  High Templar  
  154  18:10  High Templar  
  118  18:39  Zealot x2  
  118  18:40  Zealot x5  
  118  18:41  Zealot x3  
  132  18:46  Void Ray  
  124  18:50  Immortal x2  
  117  18:57  Zealot  
  104  19:19  Zealot x4  
  104  19:20  Zealot x5  
  112  19:29  Probe x3  
  97  19:39  High Templar x6  
  97  19:40  High Templar x4  
  97  19:41  High Templar  
  97  19:45  Archon x3  
  119  19:46  Archon x2  
  119  20:30  Observer  
  119  20:31  Observer  
  119  20:32  Carrier x3  
  139  20:37  Shield Battery  
  139  20:40  Zealot x4  
  139  20:41  Protoss Shields Level 2, Zealot x6  
  159  21:00  Protoss Air Weapons Level 2  
  159  21:14  Zealot x4  
  159  21:15  Zealot x4  
  175  21:37  Protoss Air Armor Level 2  
  175  21:43  Photon Cannon  
  175  21:46  Pylon  
  175  21:48  Pylon  
  175  21:51  Zealot  
  175  21:52  Zealot x5  
  175  21:53  Zealot x4  
  149  22:18  Immortal  
  149  22:20  Void Ray (Chrono Boost)  
  149  22:21  Void Ray (Chrono Boost)  
  133  22:26  Tempest (Chrono Boost), Immortal  
  136  22:36  High Templar x2  
  138  22:53  Tempest (Chrono Boost)  
  138  22:55  Tempest (Chrono Boost)  
  138  22:56  Pylon  
  148  22:59  Pylon  
  148  23:01  Tempest (Chrono Boost)  
  153  23:06  Zealot  
  153  23:07  Zealot x8  
  170  23:24  Photon Cannon  
  170  23:26  Photon Cannon  
  170  23:27  Protoss Shields Level 3 (Chrono Boost)  
  170  23:28  Photon Cannon  
  170  23:31  Photon Cannon  
  170  23:32  Tempest (Chrono Boost)  
  170  23:33  High Templar x4, Pylon  
  170  23:34  Tempest (Chrono Boost), High Templar  
  190  23:54  Probe (Chrono Boost)  
  191  24:00  Immortal x2  
  199  24:02  Observer  
  199  24:04  Probe (Chrono Boost)  
  128  25:31  Zealot x5  
  128  25:32  Zealot x5  
  128  25:34  Immortal x2  
  112  25:51  Zealot x2  
  112  25:52  Zealot x3  
  117  26:00  Zealot x6  
  89  26:14  Immortal x2 (Chrono Boost)  
  97  26:26  Zealot x7  
  97  26:27  Zealot x3  
  97  26:32  Tempest x2  
  96  27:00  Zealot x3  
  96  27:01  Zealot x3  
  102  27:07  High Templar x2  
  102  27:21  High Templar x2  
  98  27:24  High Templar  
  98  27:29  Archon x2  
  100  27:36  High Templar x2  
  104  27:39  High Templar  
Show
View Real Time Build Order
Export as new Build Order

Nimrod Terran 

Build Orders: Gas First Reaper Expand 

Get SALT Encoding   

  12  0:00  SCV  
  13  0:12  SCV  
  14  0:22  Supply Depot  
  14  0:24  Refinery  
  14  0:28  SCV  
  15  0:44  SCV  
  15  0:48  Barracks  
  16  1:10  SCV  
  17  1:22  SCV  
  19  1:44  Orbital Command  
  18  1:47  Reaper  
  19  1:55  Command Center  
  19  2:07  Refinery  
  19  2:14  Supply Depot  
  18  2:17  SCV  
  18  2:21  Barracks Reactor  
  19  2:35  SCV  
  20  2:47  SCV  
  21  2:54  Barracks  
  21  2:57  Factory  
  21  2:59  SCV  
  22  3:09  Orbital Command  
  22  3:11  SCV  
  23  3:15  Marine  
  23  3:17  Marine  
  25  3:25  SCV  
  26  3:33  Marine  
  27  3:35  Marine  
  27  3:36  SCV  
  27  3:37  SCV  
  30  3:42  Factory Tech Lab  
  30  3:43  Barracks Tech Lab  
  30  3:48  SCV  
  30  3:51  Starport  
  30  3:54  Marine x2  
  33  3:57  SCV  
  33  4:01  SCV  
  35  4:04  Marine  
  37  4:10  SCV  
  37  4:12  Stimpack  
  37  4:15  SCV  
  37  4:16  Marine x2  
  40  4:22  SCV  
  40  4:23  Siege Tank  
  40  4:24  Marine  
  44  4:29  Starport Reactor  
  44  4:31  SCV  
  46  4:35  Refinery  
  46  4:39  Supply Depot  
  46  4:57  SCV  
  46  4:59  SCV, Marine  
  46  5:00  Marine x2  
  48  5:09  SCV, Siege Tank  
  48  5:11  SCV  
  53  5:15  Barracks  
  53  5:17  Marine  
  53  5:20  Supply Depot  
  54  5:29  Marine x2, Medivac x2  
  54  5:30  SCV x2  
  54  5:32  Engineering Bay  
  54  5:33  Engineering Bay  
  62  5:42  SCV x2, Marine  
  65  5:44  Supply Depot  
  65  5:47  Marine  
  66  5:51  Marine  
  66  5:52  Combat Shield  
  66  5:54  SCV  
  68  5:59  Marine  
  68  6:01  SCV  
  70  6:06  Marine x2, Siege Tank  
  70  6:07  Missile Turret  
  70  6:09  Marine  
  70  6:10  Missile Turret  
  70  6:11  SCV  
  77  6:17  Marine  
  78  6:36  Marine  
  78  7:00  Command Center  
  78  7:01  Supply Depot  
  78  7:02  Terran Infantry Weapons Level 1  
  78  7:03  Command Center  
  78  7:08  Terran Infantry Armor Level 1  
  78  7:22  Marine x3  
  78  7:23  SCV x2, Siege Tank  
  78  7:27  Armory  
  78  7:29  Refinery  
  86  7:45  Armory  
  86  7:50  Barracks Reactor  
  86  7:51  Supply Depot  
  86  7:52  Supply Depot  
  86  7:54  Supply Depot  
  86  8:00  Marine  
  86  8:01  Marine  
  86  8:02  SCV  
  86  8:11  SCV, Marine, Medivac x2, Siege Tank  
  95  8:14  SCV  
  95  8:18  Marine  
  95  8:19  Marine  
  98  8:22  Barracks  
  98  8:24  SCV, Barracks  
  98  8:25  Barracks  
  98  8:26  SCV  
  99  8:41  Medivac x2  
  94  8:56  Barracks  
  94  8:57  Barracks  
  94  9:00  Orbital Command  
  94  9:01  Starport, SCV x2  
  94  9:02  Marine x5  
  99  9:03  Starport  
  101  9:12  Siege Tank  
  101  9:13  SCV x2  
  106  9:20  Marine x5  
  111  9:27  Barracks Tech Lab  
  111  9:29  Barracks Tech Lab  
  111  9:30  Refinery  
  111  9:34  Barracks Reactor  
  111  9:36  Refinery  
  111  9:37  Marine  
  111  9:38  SCV, Marine x4  
  115  9:42  Terran Infantry Weapons Level 2  
  117  9:52  SCV x3  
  112  9:54  Planetary Fortress  
  110  10:04  SCV x2  
  110  10:05  SCV  
  110  10:07  Marauder, Marine x5  
  113  10:08  Marauder  
  122  10:16  SCV  
  122  10:17  SCV  
  122  10:18  Marine x2  
  126  10:24  Marine  
  126  10:25  Marine  
  126  10:26  Barracks Tech Lab, Starport Reactor  
  126  10:27  Starport Reactor  
  128  10:29  Starport Tech Lab x2  
  128  10:32  SCV x2  
  128  10:33  SCV x2  
  128  10:35  Fusion Core  
  132  10:38  Terran Vehicle And Ship Armor Level 1  
  132  10:39  Terran Ship Weapons Level 1  
  132  10:41  Barracks Reactor  
  132  10:42  Terran Infantry Armor Level 2  
  132  10:44  SCV  
  132  10:45  Marine  
  132  10:46  Marauder, Marine x2  
  132  10:47  Marauder  
  140  11:04  Marine  
  140  11:05  Marine x3  
  140  11:18  Marine x4  
  140  11:19  SCV x2, Marauder x2  
  140  11:22  Marauder  
  140  11:23  Marine x2  
  154  11:30  Marine, Command Center  
  154  11:32  Command Center  
  155  11:36  Marine  
  156  11:41  Starport  
  156  12:06  Supply Depot  
  156  12:09  Marauder x2, Marine x2, Medivac x2, Battlecruiser  
  156  12:11  Supply Depot  
  172  12:19  Orbital Command  
  172  12:27  Marine x5, Siege Tank  
  172  12:29  Starport Tech Lab  
  180  12:30  Marine  
  180  12:32  Marauder x2, Marine x2  
  186  12:41  Battlecruiser  
  192  12:45  Marine x5  
  192  12:48  Terran Infantry Weapons Level 3, Marine  
  192  12:50  Marine  
  199  12:55  Marine  
  199  12:58  Orbital Command  
  200  13:02  Refinery  
  200  13:06  Refinery  
  200  13:18  Terran Infantry Armor Level 3  
  200  13:19  Terran Vehicle And Ship Armor Level 2, Terran Ship Weapons Level 2  
  200  13:24  Missile Turret  
  200  13:25  Missile Turret  
  165  13:49  Battlecruiser x2  
  176  14:02  Marauder x2  
  176  14:03  Marauder x2, Marine x5  
  176  14:04  Marine  
  180  14:17  Weapon Refit  
  165  14:25  Marine x2  
  165  14:26  Orbital Command, Marauder x3, Marine  
  165  14:27  Marauder  
  167  14:39  Battlecruiser  
  173  14:51  SCV x5  
  173  15:03  SCV x3  
  176  15:11  Battlecruiser  
  182  15:28  Missile Turret  
  182  15:31  SCV x4  
  182  15:32  SCV, Missile Turret  
  187  15:36  Missile Turret x2  
  187  15:43  SCV x3  
  189  16:07  Command Center  
  189  16:39  SCV, Marine x2, Battlecruiser  
  188  16:42  Marine x4  
  188  16:43  Battlecruiser  
  188  16:48  SCV, Marauder  
  188  16:51  Marauder  
  184  16:54  SCV x2  
  184  16:55  SCV  
  184  17:00  SCV  
  187  17:06  Terran Vehicle And Ship Armor Level 3, Terran Ship Weapons Level 3  
  187  17:18  Battlecruiser  
  193  17:31  Neosteel Armor, Hi-Sec Auto Tracking  
  193  17:32  Marine x3  
  193  17:33  Marauder x2  
  200  18:04  Command Center  
  154  18:29  Battlecruiser  
  154  18:30  Battlecruiser  
  166  18:46  Marine x5  
  145  19:18  Marine  
  145  19:20  Viking  
  145  19:21  Battlecruiser  
  145  19:22  SCV x3  
  145  19:23  SCV  
  158  19:34  SCV x2  
  149  19:49  SCV x4  
  147  20:01  SCV  
  139  20:24  Viking  
  141  20:34  SCV x2  
  142  20:42  SCV  
  93  21:12  SCV x2  
  93  21:13  SCV x2  
  91  21:24  SCV  
  91  21:25  SCV, Marine x3  
  88  21:49  Marine  
  88  21:50  Marine  
  76  22:21  Marine x7  
  76  22:22  Marine x2  
  73  22:23  SCV x2  
  69  22:35  SCV x2  
  71  22:38  Marine  
  71  22:39  Marine x2  
  71  22:43  Marine x4  
  71  22:44  Marine x2  
  69  22:56  Marine x3  
  71  23:01  SCV, Marine x6  
  78  23:13  SCV  
  78  23:14  Marine x3  
  78  23:19  Marine  
  83  23:25  SCV, Marine  
  83  23:26  Marine x4  
  89  23:27  SCV  
  89  23:31  Starport Reactor  
  89  23:32  Marine x3  
  93  23:36  Marine  
  93  23:37  SCV  
  93  23:39  SCV  
  96  23:43  Marine x2  
  96  23:44  Marine  
  99  23:49  SCV  
  99  23:50  Marine  
  99  23:51  SCV, Marine x4  
  99  23:52  Medivac  
  99  23:54  Marine  
  109  24:01  Marine x2  
  109  24:02  Marauder  
  112  24:08  Marine x2  
  112  24:09  Marine x3  
  104  24:11  Orbital Command, SCV  
  104  24:12  Marine  
  94  24:19  Marine  
  92  24:26  Marine x4  
  96  24:44  Marine x4  
  101  24:58  SCV  
  101  25:05  SCV  
  101  25:15  Medivac  
  101  25:17  Medivac  
  101  25:19  Medivac  
  95  25:26  Marine x5  
  95  25:27  Marine  
  71  25:44  Marine x6  
  76  25:55  Siege Tank  
  64  26:02  Marine x6  
  64  26:03  SCV x2  
  57  26:19  Marine  
  57  26:20  Marine x3  
  40  26:36  Siege Tank  
  40  26:37  Marine x2  
  40  26:38  Marine x2, Medivac  
  46  26:55  Marine x2  
  46  26:56  Marine  
Show
View Real Time Build Order
Export as new Build Order

Massa Terran - Winner!

Build Orders: Reaper Expand, Hellion Banshee 

Get SALT Encoding   

  12  0:00  SCV  
  13  0:12  SCV  
  14  0:23  Supply Depot  
  14  0:24  SCV  
  15  0:45  SCV  
  15  0:46  Refinery  
  15  0:47  Barracks  
  16  0:57  SCV  
  17  1:09  SCV  
  18  1:21  SCV  
  19  1:33  Orbital Command  
  19  1:34  Reaper  
  20  1:45  Command Center  
  20  1:59  SCV  
  21  2:01  Supply Depot  
  21  2:06  Marine  
  22  2:17  Factory  
  22  2:20  SCV  
  23  2:32  SCV  
  24  2:38  Barracks Reactor  
  24  2:44  SCV  
  25  2:47  Command Center  
  25  2:59  Orbital Command  
  25  3:10  Starport  
  25  3:12  Refinery  
  25  3:21  Hellion  
  25  3:23  Hellion  
  29  3:27  SCV  
  29  3:28  SCV  
  31  3:36  Barracks Tech Lab  
  31  3:41  SCV  
  31  3:43  SCV, Hellion  
  31  3:44  Hellion  
  37  3:51  Refinery  
  37  3:53  SCV  
  38  3:58  Banshee  
  41  4:03  Cloaking Field  
  41  4:05  SCV  
  41  4:06  SCV  
  44  4:10  Orbital Command  
  43  4:19  Hellion  
  43  4:20  Hellion  
  43  4:22  SCV x2  
  49  4:34  SCV x2  
  51  4:41  Banshee, Hellion x2, Barracks Tech Lab  
  57  5:02  Hellion  
  59  5:19  Stimpack  
  59  5:20  SCV x2  
  61  5:28  Refinery  
  61  5:31  Supply Depot x2  
  61  5:47  Barracks  
  61  5:50  Starport Reactor  
  61  5:51  Barracks  
  61  5:52  SCV x3  
  61  5:56  Supply Depot  
  58  6:57  Medivac x2  
  62  7:07  Supply Depot  
  62  7:08  SCV x3  
  65  7:09  Engineering Bay, Supply Depot  
  65  7:12  Combat Shield, Engineering Bay, Supply Depot  
  65  7:15  Barracks Reactor  
  65  7:17  Siege Tank  
  65  7:20  SCV x2, Marauder, Marine x2  
  74  7:27  Medivac x2  
  74  7:28  Barracks  
  78  7:30  Barracks  
  78  7:38  Terran Infantry Armor Level 1, Marine x2, Terran Infantry Weapons Level 1  
  78  7:41  Marauder  
  78  7:42  SCV x2  
  78  7:44  Armory  
  85  7:49  Siege Tank  
  87  7:53  Marine x2  
  87  7:54  SCV  
  87  7:55  Marine x2  
  92  8:02  Marauder  
  92  8:03  Missile Turret  
  90  8:09  Orbital Command  
  90  8:11  Marine x2  
  92  8:13  Marine  
  91  8:21  Siege Tank  
  91  8:24  Marauder  
  96  8:27  Marine  
  96  8:29  Marine x2  
  96  8:31  Barracks Reactor, Barracks Tech Lab, Marine  
  92  8:45  Orbital Command, Marauder  
  79  9:04  Marauder, Marine x4  
  79  9:07  Marauder  
  79  9:08  Siege Tank  
  90  9:10  Concussive Shells  
  90  9:11  Medivac x2  
  94  9:19  SCV x2  
  94  9:20  SCV  
  94  9:21  Marine  
  94  9:22  Marine x3  
  101  9:26  Missile Turret  
  101  9:28  Marauder x2, Marine x2  
  107  9:31  SCV x2  
  107  9:37  Terran Infantry Armor Level 2, Terran Infantry Weapons Level 2  
  109  9:42  Starport  
  109  9:43  Supply Depot x3  
  109  9:44  Supply Depot  
  109  9:45  Refinery  
  109  9:46  Supply Depot x2  
  109  9:47  Supply Depot  
  109  9:50  Refinery  
  109  10:04  Marine x2  
  109  10:05  SCV, Marauder x2, Marine, Medivac x2, Siege Tank  
  124  10:10  Supply Depot  
  124  10:13  Supply Depot  
  124  10:16  Missile Turret  
  124  10:19  Terran Vehicle And Ship Armor Level 1  
  124  10:20  Starport Tech Lab  
  124  10:22  Command Center  
  124  10:27  Barracks  
  124  10:42  Raven  
  124  10:43  Viking  
  124  10:44  Viking  
  120  11:13  Medivac  
  120  11:14  Medivac, Siege Tank  
  127  11:20  SCV x3  
  130  11:27  Corvid Reactor  
  131  11:32  SCV x2  
  131  11:33  SCV, Raven  
  131  11:34  Command Center  
  135  11:43  Viking  
  135  11:44  Viking  
  135  11:46  Siege Tank  
  142  11:50  Sensor Tower  
  142  11:57  Missile Turret x2  
  142  11:58  Missile Turret  
  142  12:05  Sensor Tower  
  142  12:18  Raven, Siege Tank  
  142  12:20  Terran Infantry Weapons Level 3  
  147  12:27  Terran Infantry Armor Level 3  
  147  12:32  Smart Servos  
  147  12:43  Sensor Tower, Planetary Fortress  
  147  12:47  SCV  
  147  12:48  SCV x3  
  151  12:52  Missile Turret  
  151  12:54  Sensor Tower  
  151  12:58  Viking x2  
  151  13:04  Terran Vehicle Weapons Level 1  
  155  13:10  Refinery  
  155  13:11  Refinery  
  155  13:12  Missile Turret  
  155  13:14  Marauder x2, Marine x3  
  155  13:15  Marine x3  
  155  13:17  Barracks Tech Lab  
  165  13:25  Barracks  
  165  13:31  Barracks  
  165  13:35  Marauder x2, Missile Turret  
  157  13:57  Marauder  
  148  14:53  Raven  
  148  14:55  Viking x2  
  152  15:00  Siege Tank  
  155  15:24  Viking  
  157  15:32  Siege Tank  
  157  15:33  Barracks Tech Lab  
  160  15:36  Barracks Tech Lab, Raven  
  160  15:42  Viking  
  164  16:04  Viking  
  166  16:12  Viking  
  166  16:19  Terran Vehicle And Ship Armor Level 2, Raven  
  168  16:33  Armory  
  168  16:34  Viking  
  169  17:22  Thor  
  175  17:36  Factory  
  175  17:38  Factory  
  175  17:39  Factory  
  175  17:48  Terran Vehicle Weapons Level 2  
  175  18:05  Thor  
  171  18:48  Raven  
  173  18:49  Viking x2  
  173  19:08  Factory Tech Lab x3  
  171  19:15  Marauder  
  171  19:16  Marauder x4, Marine  
  171  19:17  Marine x5  
  182  19:19  Viking  
  189  19:24  Planetary Fortress  
  189  19:31  Raven, Missile Turret x2  
  191  19:34  Marine x3, Missile Turret, Viking  
  191  19:35  Marine x3  
  191  19:37  Marauder x5  
  193  19:49  Viking  
  193  19:52  Marine, Missile Turret  
  196  19:58  Marauder, Missile Turret  
  196  19:59  Hi-Sec Auto Tracking, Neosteel Armor  
  194  20:04  Viking  
  196  20:13  Raven  
  171  21:08  Marine  
  171  21:09  Marine x10  
  164  21:11  Thor x2  
  164  21:12  Thor x2  
  164  21:14  Raven, Viking x2  
  171  21:26  Marine  
  171  21:27  Marine x10  
  182  21:44  Marine, Viking  
  182  21:45  Marauder x3, Marine x5  
  184  21:54  Thor x2  
  113  22:29  Marauder x3  
  103  22:30  Marauder, Marine x7  
  103  22:32  Thor x2  
  103  22:34  Viking x2  
  122  22:37  Thor x2  
  132  22:48  Marine x7  
  132  22:50  Marauder  
  132  22:51  Marauder x3  
  147  22:55  Terran Vehicle Weapons Level 3  
  147  22:58  SCV  
  148  23:01  Refinery x2  
  148  23:05  Marine  
  148  23:06  Marine x6  
  148  23:10  Viking x3  
  148  23:11  Marine  
  148  23:12  Marauder, Marine  
  165  23:14  Thor x2  
  165  23:15  Marauder  
  179  23:20  Thor x2  
  179  23:23  Marine  
  179  23:24  Marine x3  
  195  23:40  Supply Depot  
  195  23:41  Supply Depot  
  195  23:47  Supply Depot  
  195  24:00  Marauder  
  195  24:01  Marauder x2, Marine  
  200  24:02  Marine x2  
  200  24:13  Marine x2  
  200  24:15  Marine  
  200  24:25  Viking  
  200  24:38  Marine  
  200  24:40  Marauder  
  190  24:49  Marauder, Marine  
  190  24:50  Marauder x2  
  197  25:01  Marine  
  196  25:11  Marauder  
  175  25:24  Thor x4  
  175  25:25  Marauder x2  
  175  25:26  Marauder  
  185  25:42  Viking  
  185  25:43  Viking  
  161  26:07  Marauder x3  
  161  26:08  Marauder, Marine x7  
  161  26:10  Thor  
  161  26:11  Thor  
  171  26:25  Marine  
  171  26:26  Marine x6  
  171  26:29  Marauder x4  
  186  26:43  Marine  
  186  26:44  Marine x6  
  173  26:49  Marine x2  
  173  26:50  Marine x2  
  141  27:01  Marine  
  141  27:03  Marine  
  141  27:04  Marine x5  
  141  27:08  Marauder x3, Marine  
  151  27:19  Marine  
  151  27:21  Marine  
  151  27:22  Marine x5  
  141  27:56  Command Center  
Show
View Real Time Build Order
Export as new Build Order

qqq Zerg - Winner!

Build Orders: Hatch First 

Get SALT Encoding   

  12  0:05  Drone  
  13  0:16  Drone  
  14  0:26  Overlord  
  14  0:46  Hatchery  
  13  0:50  Drone  
  14  0:57  Drone x2  
  16  1:17  Drone x2  
  18  1:26  Extractor  
  18  1:32  Extractor, Spawning Pool  
  15  1:33  Drone  
  15  1:34  Drone  
  17  1:41  Extractor  
  17  1:46  Drone  
  18  1:56  Extractor  
  18  2:01  Drone x2  
  18  2:06  Drone  
  21  2:13  Extractor  
  21  2:15  Drone  
  22  2:19  Queen x2  
  26  2:24  Overlord  
  26  2:27  Zergling x2  
  28  2:39  Overlord x2  
  28  2:47  Drone x2  
  28  2:49  Drone  
  31  2:56  Drone  
  32  3:00  Zergling x2  
  33  3:09  Zergling x2  
  34  3:20  Metabolic Boost, Evolution Chamber  
  34  3:22  Zergling x6  
  34  3:26  Zergling x2  
  36  3:31  Zergling x2  
  37  3:35  Lair  
  37  3:38  Hatchery, Zergling x2  
  37  3:43  Zergling x2  
  37  3:44  Zergling x2  
  37  3:45  Zergling x2  
  37  3:47  Zergling x2  
  41  3:53  Zerg Melee Weapons Level 1  
  41  3:56  Zergling x2  
  41  3:58  Zergling x2  
  41  4:00  Zergling x2  
  44  4:03  Zergling x2  
  45  4:10  Overlord  
  45  4:11  Drone  
  45  4:13  Drone  
  45  4:17  Zergling x2  
  48  4:18  Drone  
  48  4:21  Zergling x2  
  48  4:23  Zergling x2  
  51  4:28  Zergling x2  
  52  4:32  Drone  
  52  4:33  Zergling x4  
  52  4:37  Overlord  
  55  4:41  Zergling x2  
  55  4:42  Drone  
  52  5:00  Zergling x14  
  53  5:13  Zergling x6  
  53  5:14  Zergling x2  
  55  5:21  Pneumatized Carapace, Nydus Network  
  54  5:22  Drone x3  
  54  5:28  Queen  
  60  5:42  Zergling x2  
  60  5:43  Zergling x4  
  62  5:50  Overlord  
  62  5:51  Zergling x4  
  64  6:07  Nydus Canal  
  64  6:09  Zergling x16  
  64  6:10  Zergling x2  
  73  6:13  Drone  
  74  6:18  Extractor  
  55  6:48  Drone, Zergling x6  
  55  6:49  Drone x2, Zergling x8  
  55  6:50  Zergling x2  
  66  6:56  Zerg Ground Armor Level 1  
  66  7:02  Baneling Nest  
  66  7:03  Drone x2, Zergling x2  
  68  7:08  Drone  
  69  7:19  Drone  
  69  7:20  Extractor, Roach Warren, Zergling x4  
  69  7:21  Zergling x4  
  72  7:28  Hatchery  
  71  7:39  Overseer  
  71  7:40  Drone x2  
  71  7:41  Zergling x2  
  71  7:42  Overlord x4  
  74  7:52  Evolution Chamber  
  74  7:53  Drone x2, Infestation Pit  
  74  7:56  Overlord x2  
  74  8:02  Centrifical Hooks  
  74  8:08  Baneling  
  74  8:09  Baneling x3  
  58  8:31  Drone x4  
  58  8:32  Roach x5  
  66  8:39  Baneling  
  63  8:50  Drone x5  
  63  8:54  Drone x2  
  63  8:55  Spore Crawler  
  69  8:58  Extractor  
  69  9:00  Extractor  
  69  9:02  Extractor  
  66  9:04  Queen  
  68  9:11  Baneling  
  68  9:12  Baneling x2  
  68  9:24  Drone  
  68  9:25  Drone x7  
  68  9:26  Drone  
  77  9:35  Roach  
  77  9:36  Roach  
  77  9:38  Drone  
  82  9:39  Drone  
  83  9:46  Drone x3  
  83  9:47  Drone  
  87  9:59  Spore Crawler  
  86  10:02  Zerg Ground Armor Level 2  
  86  10:08  Hive  
  86  10:13  Spore Crawler  
  85  10:25  Queen  
  85  10:26  Drone x2  
  85  10:27  Drone x2, Roach x2  
  95  10:29  Roach  
  95  10:30  Drone  
  98  10:36  Nydus Canal  
  98  10:41  Roach x3  
  104  10:43  Drone  
  99  11:01  Zerg Melee Weapons Level 2  
  95  11:10  Hydralisk Den  
  94  11:12  Drone  
  94  11:13  Drone x4, Zergling x2  
  94  11:15  Roach x3  
  106  11:28  Drone x2  
  106  11:29  Drone x8  
  116  11:37  Ultralisk Cavern  
  115  11:40  Muscular Augments  
  115  11:46  Hydralisk, Lurker Den  
  116  11:47  Drone  
  116  11:48  Drone  
  116  11:49  Drone  
  119  12:05  Overlord  
  119  12:06  Overlord x5  
  119  12:22  Overlord  
  119  12:23  Overlord x2  
  119  12:25  Anabolic Synthesis  
  119  12:30  Spine Crawler, Zerg Ground Armor Level 3  
  119  12:32  Spore Crawler  
  110  12:45  Extractor x2  
  110  12:46  Drone x7  
  110  12:47  Drone, Overlord x3  
  116  12:51  Grooved Spines  
  116  12:55  Ultralisk  
  116  12:58  Viper  
  125  12:59  Hydralisk  
  125  13:03  Seismic Spines  
  125  13:04  Hydralisk  
  129  13:07  Chitinous Plating  
  129  13:08  Lurker  
  129  13:09  Hydralisk  
  129  13:10  Hydralisk  
  129  13:12  Hydralisk  
  134  13:15  Drone x2  
  134  13:17  Drone, Zerg Missile Weapons Level 1  
  139  13:20  Glial Reconstitution  
  139  13:29  Hydralisk  
  135  14:19  Ultralisk  
  135  14:20  Ultralisk x3  
  153  14:29  Hydralisk x3  
  149  14:38  Zergling x8  
  147  14:39  Drone x3  
  147  14:40  Zergling x12  
  147  14:41  Zergling x4  
  153  14:51  Drone x2  
  153  14:52  Drone, Ultralisk  
  162  14:53  Zergling x4  
  162  14:54  Zergling x6  
  162  14:56  Hatchery  
  166  15:07  Zerg Melee Weapons Level 3  
  166  15:19  Spire  
  165  15:22  Spore Crawler x2  
  165  15:26  Hydralisk x5  
  173  15:29  Hatchery  
  173  15:39  Hydralisk x6  
  173  15:40  Hydralisk  
  186  15:51  Drone  
  186  15:52  Drone, Hydralisk, Overlord  
  186  15:53  Hydralisk x3  
  196  16:02  Zerg Missile Weapons Level 2  
  196  16:04  Hydralisk  
  196  16:06  Overlord  
  196  16:07  Overlord x2  
  194  16:17  Baneling x6  
  194  16:18  Baneling x5  
  194  16:20  Baneling x3  
  192  16:45  Ultralisk  
  192  16:46  Ultralisk  
  177  17:11  Ultralisk x2  
  177  17:12  Hydralisk x2, Ultralisk x3  
  177  17:14  Zergling x4  
  177  17:15  Zergling x6  
  176  17:25  Drone, Ultralisk  
  180  17:41  Drone x6  
  186  17:50  Hatchery x2  
  185  17:51  Lurker x3  
  185  17:52  Hydralisk x2  
  185  17:54  Drone x2  
  185  17:56  Zergling x8  
  197  18:09  Baneling x6  
  197  18:10  Baneling  
  150  18:39  Hydralisk x2, Ultralisk x3  
  150  18:40  Hydralisk  
  166  18:51  Hydralisk x2  
  166  18:53  Zergling x12  
  168  19:02  Zergling x6  
  155  19:24  Hydralisk x6  
  149  19:25  Hydralisk x3  
  165  19:38  Extractor  
  153  19:39  Spore Crawler  
  153  19:40  Extractor, Spine Crawler, Spore Crawler  
  149  19:47  Hydralisk x2  
  149  19:48  Ultralisk x2  
  149  19:50  Zerg Missile Weapons Level 3  
  119  20:25  Hydralisk x6  
  119  20:26  Ultralisk  
  119  20:27  Zergling x6  
  119  20:28  Drone x5  
  135  20:30  Drone x3  
  138  20:36  Hydralisk  
  138  20:38  Zergling x4  
  128  20:58  Hydralisk x5  
  128  20:59  Corruptor  
  134  21:05  Zergling x4  
  134  21:06  Hydralisk x2  
  134  21:07  Hydralisk  
  139  21:13  Hydralisk  
  139  21:14  Hydralisk  
  139  21:15  Drone x2, Hatchery  
  142  21:32  Hydralisk x4  
  127  21:33  Hydralisk, Corruptor  
  127  21:37  Zerg Flyer Weapons Level 1  
  138  21:41  Spore Crawler  
  138  21:42  Spore Crawler  
  136  21:57  Hydralisk x3  
  126  22:01  Viper  
  126  22:02  Viper  
  126  22:03  Zergling x4  
  126  22:04  Drone x4  
  126  22:08  Corruptor  
  124  22:19  Extractor  
  124  22:21  Extractor  
  111  22:33  Hydralisk x4  
  111  22:34  Corruptor x2  
  121  22:48  Ultralisk x2  
  132  22:52  Drone x2, Corruptor  
  136  23:19  Lurker  
  138  23:20  Lurker x4  
  138  23:22  Corruptor  
  138  23:23  Zergling x6  
  138  23:24  Drone x4, Zergling x2  
  138  23:25  Zergling x8  
  155  23:40  Spore Crawler  
  154  23:41  Spore Crawler  
  147  23:55  Corruptor x3  
  151  23:56  Ultralisk  
  146  24:16  Hatchery  
  143  24:24  Hydralisk, Lurker  
  143  24:25  Hydralisk  
  143  24:26  Zergling x14  
  150  24:41  Ultralisk x3  
  150  24:42  Zergling x2  
  150  24:43  Drone, Zergling x4  
  150  24:45  Extractor  
  169  25:00  Corruptor  
  169  25:01  Corruptor x2  
  135  25:38  Corruptor x3  
  141  25:46  Zergling x6  
  141  25:47  Hydralisk x2, Ultralisk x2  
  147  26:04  Ultralisk  
  147  26:05  Drone x3, Zergling x8  
  154  26:40  Hatchery  
  153  26:49  Hydralisk x2, Ultralisk x2  
  153  26:50  Zergling x6  
  158  27:16  Hydralisk x7  
  158  27:17  Hydralisk x3  
  178  27:30  Hydralisk x2  
  178  27:31  Zergling x4  
  178  27:35  Drone x2  
  186  27:38  Spore Crawler  
  186  27:40  Spore Crawler  
  186  27:43  Spine Crawler  
  183  27:45  Spine Crawler  
Tags
 
Add a new tag
Caveats
  • Supply blocks, unpowered buildings, or Contaminate may cause inaccurate times.
  • Supply counts are checked every 10 seconds.